 Dungeon Crawl Stone Soup version 0.29-a0-322-g68df515428 (webtiles) character file.

Game seed: 12316409919335145392

456237 Morbidden the Eclecticist (level 23, -15/174 HPs)
             Began as a Demonspawn Conjurer on Apr 8, 2022.
             Was the Champion of Cheibriados.
             Killed from afar by a hellephant (51 damage)
             ... with a blast of flame
             ... on level 4 of the Depths.
             The game lasted 02:17:38 (75692 turns).

Morbidden the Eclecticist (Demonspawn Conjurer)    Turns: 75692, Time: 02:17:38

Health: -15/174    AC: 21    Str: 29    XL:     23   Next: 28%
Magic:  7/74       EV: 24    Int: 62    God:    Cheibriados [******]
Gold:   1639       SH: 19    Dex: 37    Spells: 10/60 levels left

rFire   . . .      SeeInvis .   b - +9 dagger (elec)
rCold   + + .      Faith    .   o - +2 kite shield
rNeg    + . .      Spirit   .   N - +5 scale mail of Immorality {rC++ MP+9 Int+8 Stlth-}
rPois   +          Reflect  .   S - +3 hat of Pondering {ponderous, Will+ MP+10 Int+5}
rElec   +          Harm     .   s - +2 cloak
rCorr   +          Rampage  .   Y - +2 pair of gloves {Stlth+}
Will    ++++.                   (boots unavailable)
Stlth   ++++++....              l - amulet "Sisuerr" {+Inv rN+ Will+ Regen+ Dex+4}
HPRegen 1.19/turn               P - ring "Umateeru" {rElec Str+2 Int+6}
MPRegen 0.44/turn               e - ring of Xehid {rPois rCorr MP+9 Str+4 Stlth-}

@: very slow
A: hooves 3, thin skeletal structure 3, icemail 1, spiny 3, torment resistance
1, condensation shield, demonic willpower, clumsy 1
}: 2/15 runes: decaying, serpentine
a: Renounce Religion, Evoke Invisibility, Bend Time, Temporal Distortion,
Slouch, Step From Time


You were on level 4 of the Depths.
You worshipped Cheibriados.
Cheibriados was exalted by your worship.
You visited 10 branches of the dungeon, and saw 44 of its levels.
You also visited: Ossuary, Gauntlet and Desolation.

You collected 7078 gold pieces.
You spent 5439 gold pieces at shops.

Inventory:

Hand Weapons
 a - a +3 scimitar of flaming
 b - a +9 dagger of electrocution (weapon)
 E - a +8 quick blade of flaming
Missiles
 D - 8 throwing nets
Armour
 o - a +2 kite shield (worn)
 s - a +2 cloak (worn)
 N - the +5 scale mail of Immorality (worn) {rC++ MP+9 Int+8 Stlth-}
   (You bought it in a shop on level 1 of the Elven Halls)

   Int:       It affects your intelligence (+8).
   rC:        It greatly protects you from cold.
   MP:        It affects your magic capacity (+9).
   Stlth:     It makes you less stealthy.
 S - the +3 hat of Pondering (worn) {ponderous, Will+ MP+10 Int+5}
   (You took it off Gastronok on level 2 of the Lair of Beasts)

   Int:       It affects your intelligence (+5).
   MP:        It affects your magic capacity (+10).
   Will:      It increases your willpower.
 Y - a +2 pair of gloves of stealth (worn)
Jewellery
 d - the ring "Gukiale" {rC+ Str+6 Int+4 Dex+2}
   (You took it off a deep elf blademaster on level 3 of the Elven Halls)

   [ring of strength]

   Str:       It affects your strength (+6).
   Int:       It affects your intelligence (+4).
   Dex:       It affects your dexterity (+2).
   rC:        It protects you from cold.
 e - the ring of Xehid (right hand) {rPois rCorr MP+9 Str+4 Stlth-}
   (You bought it in a shop on level 3 of the Snake Pit)

   [ring of magical power]

   Str:       It affects your strength (+4).
   rPois:     It protects you from poison.
   MP:        It affects your magic capacity (+9).
   rCorr:     It protects you from acid and corrosion.
   Stlth:     It makes you less stealthy.
 l - the amulet "Sisuerr" (around neck) {+Inv rN+ Will+ Regen+ Dex+4}
   (You found it in a Gauntlet)

   [amulet of regeneration]

   Dex:       It affects your dexterity (+4).
   rN:        It protects you from negative energy.
   +Inv:      It lets you turn invisible.
   Regen:     It increases your rate of health regeneration.
   Will:      It increases your willpower.
 r - the ring "Bautoyxu" {rF+ rN+ Will+++ Str+4 Stlth-}
   (You acquired it on level 12 of the Dungeon)

   [ring of positive energy]

   Str:       It affects your strength (+4).
   rF:        It protects you from fire.
   rN:        It protects you from negative energy.
   Will:      It greatly increases your willpower.
   Stlth:     It makes you less stealthy.
 t - the ring of Zoeb {AC+4 Stlth+}
   (You took it off a servant of whispers in the Desolation of Salt)

   [ring of protection]

   AC:        It affects your AC (+4).
   Stlth:     It makes you more stealthy.
 M - a ring of protection from fire
 O - the ring of Ficec {rPois rC+ Dex-5 Slay+2 SInv}
   (You acquired it on level 1 of the Lair of Beasts)

   [ring of protection from cold]

   Dex:       It affects your dexterity (-5).
   Slay:      It affects your accuracy & damage with ranged weapons and melee
   (+2).
   rC:        It protects you from cold.
   rPois:     It protects you from poison.
   SInv:      It lets you see invisible.
 P - the ring "Umateeru" (left hand) {rElec Str+2 Int+6}
   (You found it on level 11 of the Dungeon)

   [ring of intelligence]

   Str:       It affects your strength (+2).
   Int:       It affects your intelligence (+6).
   rElec:     It insulates you from electricity.
 X - the ring of Xohiur {rElec rC+ Str+3 Int+6 Dex-3}
   (You found it in a Gauntlet)

   [ring of intelligence]

   Str:       It affects your strength (+3).
   Int:       It affects your intelligence (+6).
   Dex:       It affects your dexterity (-3).
   rC:        It protects you from cold.
   rElec:     It insulates you from electricity.
Wands
 i - a wand of digging (40)
 m - a wand of paralysis (9)
 n - a wand of acid (15)
 F - a wand of flame (52) (quivered)
 L - a wand of iceblast (58)
 Q - a wand of polymorph (15)
Scrolls
 f - 6 scrolls of amnesia
 p - 6 scrolls of blinking
 w - 8 scrolls of fear
 z - a scroll of acquirement
 C - 4 scrolls of silence
 G - 3 scrolls of magic mapping
 J - 6 scrolls of fog
 K - 15 scrolls of teleportation
 T - a scroll of brand weapon
 U - 5 scrolls of summoning
 V - 5 scrolls of enchant armour
Potions
 g - 28 potions of curing
 h - 6 potions of might
 j - 5 potions of flight
 k - 2 potions of berserk rage
 q - 8 potions of heal wounds
 u - 5 potions of resistance
 x - 12 potions of brilliance
 B - 3 potions of magic
 H - a potion of cancellation
 R - 4 potions of mutation
 W - 2 potions of invisibility
Miscellaneous
 c - a box of beasts
 v - a phantom mirror
 y - a condenser vane (inert)
 A - a tin of tremorstones (inert)


   Skills:
 * Level 12.9 Fighting
 - Level 8.8(11.2) Short Blades
 * Level 11.0(12.3) Long Blades
 + Level 5.2 Armour
 * Level 12.1 Dodging
 * Level 9.1 Stealth
 * Level 13.5 Shields
 * Level 19.4 Spellcasting
 * Level 14.9 Conjurations
 * Level 9.4 Summonings
 + Level 8.5 Translocations
 * Level 3.9 Fire Magic
 * Level 14.3 Air Magic
 + Level 13.0 Invocations
 * Level 6.3 Evocations


You had 10 spell levels left.
You knew the following spells:

 Your Spells              Type           Power      Damage    Failure   Level
a - Airstrike             Air            63%        N/A       0%          4
b - Orb of Destruction    Conj           64%        9d15      1%          7
c - Lightning Bolt        Conj/Air       63%        1d87      1%          5
d - Searing Ray           Conj           100%       2d8       0%          2
e - Magic Dart            Conj           100%       1d8       0%          1
f - Maxwell's Capacitive  Air            63%        ∞         11%         8
g - Ignition              Fire           41%        3d12      100%        8
s - Spellforged Servitor  Conj/Summ      59%        N/A       3%          7
x - Summon Lightning Spi  Summ/Air       100%       N/A       1%          4
z - Iskenderun's Mystic   Conj/Tloc      100%       2d19      1%          4

Your spell library contained the following spells:

 Spells                   Type           Power      Damage    Failure   Level
 Apportation              Tloc           100%       N/A       0%          1
 Foxfire                  Conj/Fire      100%       2x1d9     0%          1
 Shock                    Conj/Air       100%       1d9       0%          1
 Summon Small Mammal      Summ           100%       N/A       0%          1
 Static Discharge         Conj/Air       100%       N/A       0%          2
 Swiftness                Air            100%       N/A       0%          3
 Animate Skeleton         Necr           100%       N/A       1%          1
 Beastly Appendage        Tmut           100%       N/A       1%          1
 Freeze                   Ice            100%       1d11      1%          1
 Pain                     Necr           100%       1d9       1%          1
 Sandblast                Erth           100%       2d20      1%          1
 Slow                     Hex            100%       N/A       1%          1
 Corpse Rot               Necr/Air       100%       N/A       1%          2
 Passwall                 Tmut/Erth      47%        N/A       1%          2
 Poisonous Vapours        Pois/Air       100%       N/A       1%          2
 Sublimation of Blood     Necr           57%        N/A       1%          2
 Wereblood                Tmut           57%        N/A       1%          2
 Call Canine Familiar     Summ           100%       N/A       1%          3
 Conjure Flame            Conj/Fire      100%       6-21      1%          3
 Dazzling Flash           Conj/Hex       100%       N/A       1%          3
 Frozen Ramparts          Ice            100%       1d12      1%          3
 Gell's Gravitas          Tloc           100%       N/A       1%          3
 Ignite Poison            Fire/Tmut/Pois 67%        N/A       1%          3
 Inner Flame              Hex/Fire       71%        N/A       1%          3
 Lesser Beckoning         Tloc           100%       N/A       1%          3
 Mephitic Cloud           Conj/Pois/Air  100%       N/A       1%          3
 Ozocubu's Armour         Ice            57%        N/A       1%          3
 Spider Form              Tmut/Pois      57%        N/A       1%          3
 Stone Arrow              Conj/Erth      100%       3d13      1%          3
 Summon Guardian Golem    Hex/Summ       87%        N/A       1%          3
 Teleport Other           Tloc           100%       N/A       1%          3
 Vampiric Draining        Necr           57%        2d10      1%          3
 Animate Armour           Summ/Erth      100%       N/A       1%          4
 Flame Wave               Conj/Fire      100%       2d17      1%          4
 Fulminant Prism          Conj/Hex       50%        3d23      1%          4
 Passage of Golubria      Tloc           100%       N/A       1%          4
 Sticky Flame             Conj/Fire      100%       2d11      1%          4
 Summon Ice Beast         Ice/Summ       87%        N/A       1%          4
 Fireball                 Conj/Fire      54%        3d21      1%          5
 Freezing Cloud           Conj/Ice/Air   55%        6-21      1%          5
 Irradiate                Conj/Tmut      50%        3d30      1%          5
 Iskenderun's Battlesphe  Conj           100%       2d15      1%          5
 Silence                  Hex/Air        49%        N/A       1%          5
 Summon Forest            Summ/Tloc      53%        N/A       1%          5
 Conjure Ball Lightning   Conj/Air       63%        3x3d23    1%          6
 Starburst                Conj/Fire      54%        6d15      1%          6
 Summon Cactus Giant      Summ           54%        N/A       1%          6
 Summon Mana Viper        Hex/Summ       87%        N/A       2%          5
 Dispersal                Tloc           52%        N/A       2%          6
 Iron Shot                Conj/Erth      50%        9d10      4%          6
 Animate Dead             Necr           28%        N/A       5%          4
 Dispel Undead            Necr           57%        3d20      5%          4
 Ice Form                 Ice/Tmut       57%        N/A       5%          4
 Leda's Liquefaction      Hex/Erth       28%        N/A       5%          4
 Petrify                  Tmut/Erth      57%        N/A       5%          4
 Summon Hydra             Summ           54%        N/A       10%         7
 Agony                    Necr           57%        N/A       16%         5
 Blade Hands              Tmut           28%        N/A       16%         5
 Borgnjor's Vile Clutch   Necr/Erth      28%        N/A       16%         5
 Excruciating Wounds      Necr           28%        N/A       16%         5
 Metabolic Englaciation   Hex/Ice        28%        N/A       16%         5
 Storm Form               Tmut/Air       49%        N/A       26%         7
 Death Channel            Necr           28%        N/A       65%         6
 Eringya's Noxious Bog    Tmut/Pois      28%        N/A       65%         6
 Simulacrum               Ice/Necr       28%        N/A       65%         6
 Statue Form              Tmut/Erth      38%        N/A       65%         6
 Disjunction              Tloc           52%        N/A       73%         8
 Lehudib's Crystal Spear  Conj/Erth      50%        10d12     86%         8
 Dragon Form              Tmut           28%        N/A       99%         7
 Ozocubu's Refrigeration  Ice            28%        4d10      99%         7
 Borgnjor's Revivificati  Necr           28%        N/A       100%        8
 Discord                  Hex            28%        N/A       100%        8
 Infestation              Necr           28%        N/A       100%        8
 Polar Vortex             Ice            28%        N/A       100%        9


Dungeon Overview and Level Annotations

Branches:
Dungeon (15/15)            Temple (1/1) D:6            Lair (6/6) D:11
  Swamp (4/4) Lair:3        Snake (4/4) Lair:2        Slime (0/5) Lair:6
    Orc (2/2) D:10            Elf (3/3) Orc:2        Vaults (4/5) D:14
  Crypt (1/3) Vaults:2     Depths (4/4) D:15            Zot (0/5) Depths:4
Ossuary (visited)         Desolation (visited)      Gauntlet (visited)

Altars:
Ashenzari
Cheibriados
Dithmenos
Elyvilon
Fedhas
Hepliaklqana
Kikubaaqudgha
Makhleb
Qazlal
Ru
Sif Muna
Trog
Vehumet
Wu Jian
Xom
Yredelemnul
Zin
The Shining One
Beogh
Jiyva

Shops:
D:13 :   Orc:2 ?[!!   Elf:1 [   Elf:2 [   Elf:3 *   Snake:3 =:   Vaults:4 *
Depths:1 **   Depths:2 *(:?   Depths:4 :(!

Portals:
Hell: Depths:1 Depths:2 Depths:3 Depths:4
Abyss: Depths:3
Pandemonium: Depths:2
Ziggurat: Depths:1
Trove: D:14 (give horn of Geryon)

Annotations:
D:7 3 runed translucent doors, Tutankhamun's ghost, novice OgBe
Lair:6 3 runed translucent doors
Swamp:2 3 runed translucent doors, Westside's ghost, journeyman MiFi
Snake:2 3 runed translucent doors, Morbidden's ghost, adept MiFi; Qeschica's ghost, journeyman FeSu; Qojoc's ghost, adept GnHu
Elf:2 3 runed translucent doors
Vaults:4 36 runed doors
Depths:2 3 runed translucent doors


Innate Abilities, Weirdness & Mutations

You have hooves in place of feet.
You have an unnaturally thin skeletal structure. (Dex +6, Stealth+++)
A meltable icy envelope protects you from harm. (AC +0)
You are completely covered in sharp spines.
You are resistant to unholy torment.
A meltable shield of frost defends you. (SH +0)
You punish those that try to bend your will. (Will+)
You are clumsy. (Dex -2)


Message History

Unknown command.
Blink to where?
Press: ? - help, Dir - move target, p - hellephant
As you read the scroll of blinking, it crumbles to dust.
The hellephant is engulfed in poison gas.
The hellephant looks as sick as possible!
The orb of destruction hits the hellephant!!!
You blow up the hellephant!
Cheibriados thoroughly appreciates the change of pace.
Unknown command.
Unknown command.
Unknown command.
Unknown command.
Okay, then.
Your orb of destruction hits a rock wall.
Unknown command.
Aiming: Dig
Press: ? - help, Shift-Dir - straight line A rock wall.
The rock shatters into small pieces.
Unknown command.
Okay, then.
You feel much better.
The hellephant is engulfed in poison gas.
The hellephant looks as sick as possible!
Unknown command.
Unknown command.
Casting: Orb of Destruction (mildly dangerous; 1% risk of failure)
Confirm with . or Enter, or press ? or * to list all spells.
Aiming: Orb of Destruction (mildly dangerous; 1% risk of failure)
Press: ? - help, Shift-Dir - straight line, f - hellephant
Aim: a hellephant (moderately wounded, extremely poisoned)
Casting: Orb of Destruction (mildly dangerous; 1% risk of failure)
Confirm with . or Enter, or press ? or * to list all spells.
You summon a servant imbued with your destructive magic!
The hellephant is engulfed in poison gas.
The hellephant looks as sick as possible!
The hellephant breathes flames at you. The blast of flame hits you!!!
You die...

##...†§# #.Y###§###
######.##§§.§≈##
#......#§§.Y§§≈#
#...####§°.*§§§#
#...# #..○○§§°# #...#
#...○§§§# #...#
#≈..○./≈# #...#
###≈.@.9## #...#
#.##.#### #...# #...#
. #...# #^..# ...#
#...# #...# ...#
#...##....# ...#
#.........# ...#
#.........#
...###.........######


You could see a hellephant (extremely poisoned, catching breath, ally target)
and a friendly spellforged servitor (summoned).

Vanquished Creatures
  3 juggernauts
  5 golden dragons
  2 hellephants (Depths:4)
  3 liches
  3 walking divine tomes
  2 deep elf blademasters (Elf:3)
  2 deep elf master archers (Elf:3)
  3 sphinxes
  Gastronok (Lair:2)
  A thorn hunter (Swamp:4)
  2 storm dragons (Depths:4)
  3 tengu reavers
  A draconian monk (Depths:4)
  A shadow dragon (Depths:3)
  2 nagarajas (Snake:4)
  2 fenstrider witches
  12 vault wardens
  2 fire giants (Depths:3)
  An imperial myrmidon (Desolation)
  5 deep elf sorcerers
  An iron dragon (Depths:4)
  9 frost giants
  6 deep elf elementalists (Elf:3)
  4 ghouls
  17 ironbound preservers
  2 spriggan defenders (Depths:3)
  9 stone giants
  16 very ugly things
  4 vampire knights
  2 green draconians (Depths:4)
  2 black draconians (Depths:4)
  A halazid warlock (Desolation)
  3 deep elf annihilators (Elf:3)
  2 ironbound thunderhulks
  2 eleionomae
  A spark wasp (Depths:2)
  3 bunyips
  2 deep elf demonologists (Elf:3)
  A white draconian (Depths:4)
  8 dire elephants
  9 ettins
  5 deep elf death magi (Elf:3)
  2 green deaths (Swamp:4)
  A jiangshi (Depths:1)
  3 crystal guardians (Desolation)
  5 yaktaur captains
  6 great orbs of eyes
  9 fire dragons
  4 rakshasas
  3 deep elf high priests
  A salamander tyrant (Snake:4)
  5 servants of whispers (Desolation)
  7 boulder beetles
  Harold (Orc:1)
  3 ragged hierophants (Desolation)
  3 peacekeepers (Desolation)
  4 naga warriors
  8 vault guards
  A quicksilver dragon skeleton (D:15)
  11 ironbound frosthearts
  2 spriggan air magi
  2 ghost crabs
  3 ogre magi (Orc:2)
  24 hydras
  A hell beast (Elf:3)
  10 anacondas
  A death knight (Vaults:2)
  11 ice dragons
  2 catoblepae
  12 centaur warriors
  11 alligators
  10 dancing weapons
  7 hell hogs (Depths:4)
  8 tengu warriors
  5 deep troll earth magi
  21 two-headed ogres
  4 deep troll shamans
  3 vampire magi
  2 death yaks (Lair:2)
  8 shock serpents
  13 naga sharpshooters
  Urug (Orc:2)
  8 hell knights
  9 deep elf knights
  4 spriggan berserkers
  A soul eater (Depths:2)
  3 iron trolls
  A sun demon (Depths:2)
  A flayed ghost (Depths:3)
  A shadow wraith (Vaults:2)
  7 sea snakes (Snake:1)
  8 skeletal warriors
  A deep troll (shapeshifter) (Vaults:1)
  Lodul (D:14)
  3 goliath frogs
  8 salamander mystics
  44 deep trolls
  7 swamp dragons
  8 wizards
  3 glowing orange brains
  A shadow dragon zombie (Vaults:3)
  7 bog bodies
  7 harpies
  9 lindwurms
  7 naga ritualists
  Pikel (D:8)
  14 deep elf archers
  23 deep elf zephyrmancers
  8 ironbound convokers
  4 phantasmal warriors
  8 necromancers
  8 mana vipers
  3 orc knights
  8 spectral spriggans (Swamp:1)
  2 orc sorcerers (Orc:1)
  A shining eye (Depths:1)
  25 deep elf pyromancers
  8 manticores
  43 ugly things
  5 elephants (Lair:6)
  Maurice (D:8)
  2 will-o-the-wisps
  A shining eye (shapeshifter) (Depths:2)
  6 guardian serpents
  21 salamanders
  A nameless horror (Elf:3)
  5 cyclopes
  A moth of wrath (shapeshifter) (D:14)
  9 naga magi
  11 vault sentinels
  2 orange demons
  35 black mambas
  Joseph (D:8)
  2 gargoyles (Gauntlet)
  A smoke demon (Depths:2)
  A torpor snail (Lair:2)
  A rust devil (Depths:2)
  An eye of devastation (Depths:1)
  13 cane toads
  4 molten gargoyles
  28 yaktaurs
  2 freezing wraiths
  An unseen horror (Depths:3)
  8 rime drakes
  7 komodo dragons
  A kobold demonologist (D:12)
  A minotaur zombie (Gauntlet)
  5 tengu conjurers
  A tormentor (Depths:2)
  A guardian mummy (D:15)
  A red devil (Depths:2)
  A troll (shapeshifter) (D:14)
  A queen bee (shapeshifter) (Depths:3)
  9 trolls
  A wolf spider simulacrum (D:14)
  3 bloated husks
  A polar bear (Lair:5)
  23 blink frogs
  A shadow dragon simulacrum (Vaults:3)
  A tengu simulacrum (Vaults:3)
  3 tyrant leeches
  13 hornets
  2 dream sheep (Lair:2)
  27 saltlings
  29 slime creatures
  A tarantella (shapeshifter) (Elf:1)
  2 spriggan zombies (D:15)
  A harpy skeleton (Crypt:1)
  8 large abominations (Depths:3)
  A centaur simulacrum (D:14)
  A jumping spider (shapeshifter) (Elf:2)
  14 spriggans
  An ettin skeleton (Crypt:1)
  9 water elementals
  4 air elementals
  4 shadows
  A ynoxinul (Depths:2)
  Eustachio (D:4)
  5 wyverns
  2 wraiths
  4 fire elementals
  53 yaks
  3 steam dragons
  A vampire (D:11)
  10 basilisks
  A basilisk (shapeshifter) (Depths:3)
  9 vampire mosquitoes
  3 chaos spawn
  Menkaure (D:7)
  6 wargs
  30 nagas
  9 swamp worms
  3 acid dragons
  16 water moccasins
  Duvessa (D:4)
  12 hell hounds
  5 floating eyes
  16 orc warriors
  An ice beast (D:7)
  2 black bears
  A wolf (shapeshifter) (Depths:3)
  25 wolves
  2 boggarts (D:12)
  7 centaurs
  18 ogres
  5 kobold brigands
  12 bullfrogs
  A gnoll sergeant (D:6)
  2 scorpions
  An earth elemental (Elf:1)
  2 wyvern zombies (Ossuary)
  4 small abominations (Depths:3)
  A water moccasin zombie (Ossuary)
  20 wights
  Dowan (D:4)
  3 killer bees (D:9)
  9 electric eels
  4 lava snakes (Lair:6)
  5 jellies
  3 centaur zombies (Ossuary)
  2 bullfrog zombies (Ossuary)
  10 hounds
  A gnoll shaman (D:6)
  14 orc priests
  An iguana (D:14)
  21 orc wizards
  2 killer bee zombies (Ossuary)
  14 mummies (Ossuary)
  4 howler monkey zombies (Ossuary)
  17 gnolls
  9 adders
  A shadow imp (D:7)
  An ufetubus (D:5)
  A dart slug (D:4)
  27 orcs
  6 ball pythons
  9 endoplasms
  2 giant cockroaches
  4 goblins
  9 hobgoblins
  8 jackals
  18 kobolds
  2 quokkas (D:2)
  3 bats
  8 frilled lizards
  2 rats (D:1)
1566 creatures vanquished.

Vanquished Creatures (collateral kills)
  A sphinx (Vaults:4)
  3 nagarajas (Snake:4)
  Roxanne (Swamp:2)
  A draconian monk (Depths:4)
  2 orc warlords
  An imperial myrmidon (Desolation)
  A very ugly thing (Depths:3)
  A stone giant (Depths:3)
  An ironbound preserver (Vaults:2)
  An ironbound thunderhulk (Vaults:4)
  2 dire elephants (Vaults:3)
  A minotaur (Gauntlet)
  A halazid warlock (Desolation)
  2 bunyips (Swamp:4)
  A red draconian (Depths:4)
  An ettin (Depths:1)
  2 yaktaur captains (Vaults:1)
  A fire dragon (Depths:4)
  A great orb of eyes (Swamp:4)
  A deep elf high priest (Elf:3)
  2 servants of whispers (Desolation)
  3 ragged hierophants (Desolation)
  A naga warrior (Snake:4)
  A hydra (Swamp:1)
  4 vault guards
  2 peacekeepers
  A hell beast (Swamp:4)
  An ironbound frostheart (Vaults:1)
  An ogre mage (Orc:2)
  4 two-headed ogres (Orc:2)
  A spriggan air mage (Depths:3)
  2 anacondas (Snake:4)
  3 alligators
  A deep troll shaman (Depths:4)
  3 death yaks (Lair:2)
  2 naga sharpshooters (Snake:3)
  4 hell knights
  5 skeletal warriors
  2 goliath frogs
  A spriggan druid (Swamp:3)
  An iron troll (Depths:4)
  A salamander mystic (Snake:3)
  2 swamp dragons (Swamp:4)
  3 naga ritualists (Snake:4)
  A phantasmal warrior (Depths:1)
  A bog body (Swamp:1)
  A deep elf archer (Elf:3)
  4 ironbound convokers
  A deep elf pyromancer (Elf:1)
  A deep elf zephyrmancer (Elf:3)
  An orc knight (Orc:1)
  A fire giant zombie (D:15)
  2 cyclopes
  9 ugly things
  A manticore (D:12)
  2 salamanders
  A guardian serpent (Desolation)
  A naga mage (Snake:4)
  A frost giant skeleton (Vaults:3)
  A vault sentinel (Vaults:4)
  6 yaktaurs
  A cane toad (Lair:3)
  An orange demon (Swamp:4)
  An efreet (Gauntlet)
  A kobold demonologist (D:12)
  A bloated husk (Swamp:2)
  3 hornets
  A tyrant leech (Swamp:4)
  2 slime creatures (Swamp:4)
  7 saltlings (Desolation)
  2 dream sheep (Lair:2)
  3 blink frogs
  A wyvern (Lair:6)
  6 yaks
  6 spriggans
  2 basilisks
  A vampire mosquito (Lair:3)
  A swamp worm (Swamp:4)
  9 nagas
  2 wargs (Orc:1)
  3 hell hounds
  A water moccasin (Lair:3)
  2 orc warriors (Orc:2)
  2 ogres (Orc:2)
  3 wolves
  A human skeleton (Vaults:3)
  A hound (D:14)
  4 orc wizards
  9 orcs
  2 endoplasms (D:14)
  2 jackals (D:14)
193 creatures vanquished.

Vanquished Creatures (others)
  A vault guard (D:14)
  An ice dragon (Depths:2)
  A vampire mage (Depths:3)
  A deep elf knight (Elf:1)
  2 bloated husks (Swamp:1)
  3 hornets (Swamp:2)
  2 spriggans (Swamp:2)
  A kobold brigand (D:11)
  3 ball lightnings (Elf:2)
  4 foxfires (Swamp:2)
  22 fungi
  67 plants
  13 withered plants
121 creatures vanquished.

Grand Total: 1880 creatures vanquished

Notes
Turn   | Place    | Note
-------+----------+-------------------------------------------
     0 | D:1      | Morbidden the Demonspawn Conjurer began the quest for the
                  | Orb.
     0 | D:1      | Reached XP level 1. HP: 13/13 MP: 3/3
   423 | D:1      | Found a faded altar of an unknown god.
   524 | D:1      | Gained mutation: You are partially covered in sharp spines.
                  | [demonic ancestry]
   524 | D:1      | Reached XP level 2. HP: 19/19 MP: 1/5
   582 | D:1      | Learned a level 2 spell: Searing Ray
  1263 | D:2      | Gained mutation: You have large cloven feet. [demonic
                  | ancestry]
  1263 | D:2      | Reached XP level 3. HP: 24/24 MP: 4/6
  1979 | D:3      | Reached skill level 5 in Conjurations
  1979 | D:3      | Gained mutation: You have a somewhat thin skeletal
                  | structure. (Dex +2, Stealth+) [demonic ancestry]
  1979 | D:3      | Reached XP level 4. HP: 27/30 MP: 1/7
  2978 | D:4      | Noticed a scorpion
  2984 | D:4      | Killed a scorpion
  2985 | D:4      | Reached skill level 3 in Spellcasting
  2985 | D:4      | Gained mutation: You have a moderately thin skeletal
                  | structure. (Dex +4, Stealth++) [demonic ancestry]
  2985 | D:4      | Reached XP level 5. HP: 35/35 MP: 1/9
  3381 | D:4      | Learned a level 4 spell: Iskenderun's Mystic Blast
  3505 | D:4      | Reached XP level 6. HP: 19/40 MP: 1/11
  3711 | D:4      | Reached skill level 4 in Spellcasting
  3970 | D:4      | Found a bloodstained altar of Trog.
  4072 | D:4      | Noticed Eustachio
  4084 | D:4      | Killed Eustachio
  4085 | D:4      | Reached skill level 1 in Fighting
  4085 | D:4      | Reached skill level 1 in Translocations
  4085 | D:4      | Reached XP level 7. HP: 25/48 MP: 8/13
  4270 | D:4      | Noticed Duvessa
  4270 | D:4      | Noticed Dowan
  4288 | D:4      | Killed Duvessa
  4304 | D:4      | Killed Dowan
  4658 | D:4      | Found a shimmering altar of Xom.
  4954 | D:5      | Entered Level 5 of the Dungeon
  4957 | D:5      | Reached skill level 1 in Short Blades
  4969 | D:5      | Found a sand-covered staircase.
  5008 | Ossuary  | Entered an ossuary
  5064 | Ossuary  | Gained mutation: You have an unnaturally thin skeletal
                  | structure. (Dex +6, Stealth+++) [demonic ancestry]
  5064 | Ossuary  | Reached XP level 8. HP: 8/55 MP: 1/15
  5357 | Ossuary  | Reached skill level 5 in Spellcasting
  7103 | D:6      | Found a staircase to the Ecumenical Temple.
  7194 | D:6      | Reached skill level 6 in Spellcasting
  7205 | Temple   | Entered the Ecumenical Temple
  7300 | Temple   | Became a worshipper of Cheibriados the Contemplative
  7385 | D:6      | Gained mutation: A meltable shield of frost defends you.
                  | (SH +0) [demonic ancestry]
  7385 | D:6      | Reached XP level 9. HP: 46/62 MP: 10/18
  8017 | D:6      | Reached * piety under Cheibriados
  8674 | D:7      | Reached skill level 7 in Spellcasting
  8674 | D:7      | Reached skill level 1 in Invocations
  9320 | D:7      | Reached skill level 1 in Armour
  9393 | D:7      | Found a runed translucent gate.
  9394 | D:7      | Found a runed translucent gate.
  9395 | D:7      | Found a runed translucent gate.
  9397 | D:7      | Noticed Tutankhamun's ghost (novice OgBe)
  9564 | D:7      | Noticed Menkaure
  9574 | D:7      | Killed Menkaure
  9574 | D:7      | Reached ** piety under Cheibriados
 10265 | D:8      | Noticed Pikel
 10279 | D:8      | Killed Pikel
 10280 | D:8      | Reached XP level 10. HP: 47/71 MP: 21/21
 10511 | D:8      | Noticed Joseph
 10533 | D:8      | Killed Joseph
 10796 | D:8      | Reached skill level 1 in Shields
 10803 | D:8      | Learned a level 4 spell: Airstrike
 10889 | D:8      | Noticed Maurice
 10904 | D:8      | Paralysed by something for 7 turns
 10912 | D:8      | Killed Maurice
 11208 | D:8      | Noticed a two-headed ogre
 11217 | D:8      | Killed a two-headed ogre
 11218 | D:8      | Reached skill level 1 in Air Magic
 11578 | D:9      | Reached skill level 8 in Spellcasting
 11813 | D:9      | Reached *** piety under Cheibriados
 11826 | D:9      | Reached skill level 5 in Dodging
 11831 | D:9      | Reached skill level 1 in Long Blades
 12096 | D:9      | Reached XP level 11. HP: 69/77 MP: 13/23
 12425 | D:10     | Entered Level 10 of the Dungeon
 12625 | D:10     | Noticed a boulder beetle
 12637 | D:10     | Killed a boulder beetle
 12772 | D:10     | Found a staircase to the Orcish Mines.
 13318 | D:11     | Found a staircase to the Lair.
 13437 | D:11     | Identified the ring "Umateeru" {rElec Str+2 Int+6}
 13452 | D:11     | Noticed a boulder beetle
 13461 | D:11     | Killed a boulder beetle
 13519 | D:11     | Reached skill level 5 in Fighting
 14077 | Lair:1   | Entered Level 1 of the Lair of Beasts
 14091 | Lair:1   | Identified a scroll of acquirement
 14091 | Lair:1   | Acquired the ring of Ficec {rPois rC+ Dex-5 Slay+2 SInv}
 14152 | Lair:1   | Reached skill level 5 in Invocations
 14214 | Lair:1   | Reached **** piety under Cheibriados
 14301 | Lair:1   | Reached skill level 5 in Short Blades
 14329 | Lair:1   | Reached skill level 5 in Translocations
 14648 | Lair:1   | Gained mutation: You are mostly covered in sharp spines.
                  | [demonic ancestry]
 14648 | Lair:1   | Reached XP level 12. HP: 28/86 MP: 18/24
 15718 | Lair:2   | Reached ***** piety under Cheibriados
 15824 | Lair:2   | Noticed Gastronok
 15849 | Lair:2   | Killed Gastronok
 16036 | Lair:2   | Learned a level 5 spell: Lightning Bolt
 16041 | Lair:2   | Learned a level 4 spell: Summon Lightning Spire
 16048 | Lair:2   | Reached skill level 9 in Spellcasting
 16093 | Lair:2   | Noticed a boulder beetle
 16097 | Lair:2   | Noticed a death yak
 16097 | Lair:2   | Noticed a death yak
 16098 | Lair:2   | Noticed a death yak
 16101 | Lair:2   | Killed a boulder beetle
 16101 | Lair:2   | Noticed a death yak
 16102 | Lair:2   | Killed a death yak
 16104 | Lair:2   | Noticed a death yak
 16111 | Lair:2   | Killed a death yak
 16262 | Lair:2   | Identified the +0 ring mail of Foje Kifozi {Drain rN+
                  | Str+5}
 16342 | Lair:2   | Reached skill level 10 in Conjurations
 16555 | Lair:2   | Found a staircase to the Snake Pit.
 16898 | Lair:2   | Killed a death yak
 16899 | Lair:2   | Reached skill level 5 in Air Magic
 16904 | Lair:2   | Killed a death yak
 16910 | Lair:2   | Killed a death yak
 16911 | Lair:2   | Reached XP level 13. HP: 93/93 MP: 7/26
 17500 | Lair:3   | Reached skill level 1 in Summonings
 18338 | Lair:3   | Reached skill level 5 in Stealth
 18651 | Lair:3   | Found a staircase to the Swamp.
 18981 | Lair:3   | Reached ****** piety under Cheibriados
 19000 | Lair:4   | Reached skill level 10 in Spellcasting
 19109 | Lair:4   | Found a gate leading to a gauntlet.
 19117 | Gauntlet | Entered a Gauntlet
 19117 | Gauntlet | Found a transporter.
 19117 | Gauntlet | Found a transporter.
 19117 | Gauntlet | Found a transporter.
 19139 | Gauntlet | Found a transporter.
 19142 | Gauntlet | Found a transporter.
 19152 | Gauntlet | Found a transporter.
 19221 | Gauntlet | Found a transporter.
 19232 | Gauntlet | Found a transporter.
 19247 | Gauntlet | Found a transporter.
 19249 | Gauntlet | Found a large runed translucent door.
 19250 | Gauntlet | Found a large runed translucent door.
 19251 | Gauntlet | Found a large runed translucent door.
 19251 | Gauntlet | Found a large runed translucent door.
 19251 | Gauntlet | Found a runed translucent door.
 19251 | Gauntlet | Found a runed translucent door.
 19252 | Gauntlet | Found a large runed translucent door.
 19253 | Gauntlet | Found a large runed translucent door.
 19254 | Gauntlet | Found a large runed translucent door.
 19254 | Gauntlet | Found a large runed translucent door.
 19255 | Gauntlet | Found a runed translucent gate.
 19255 | Gauntlet | Found a runed translucent gate.
 19255 | Gauntlet | Found a runed translucent gate.
 19257 | Gauntlet | Found a transporter.
 19266 | Gauntlet | Found a large runed translucent door.
 19266 | Gauntlet | Found a large runed translucent door.
 19267 | Gauntlet | Found a large runed translucent door.
 19268 | Gauntlet | Found a large runed translucent door.
 19272 | Gauntlet | Found a transporter.
 19278 | Gauntlet | Found a transporter.
 19310 | Gauntlet | Found a large runed translucent door.
 19311 | Gauntlet | Found a large runed translucent door.
 19312 | Gauntlet | Found a large runed translucent door.
 19312 | Gauntlet | Found a large runed translucent door.
 19374 | Gauntlet | Identified the amulet "Sisuerr" {+Inv rN+ Will+ Regen+
                  | Dex+4}
 19591 | Gauntlet | Reached skill level 5 in Long Blades
 19616 | Gauntlet | Identified the ring of Xohiur {rElec rC+ Str+3 Int+6 Dex-3}
 19698 | Gauntlet | Noticed a minotaur
 19702 | Gauntlet | Killed a minotaur
 19710 | Gauntlet | Got the Almanac of Unholy Fire
 19720 | Gauntlet | Learned a level 7 spell: Orb of Destruction
 22726 | Lair:6   | Entered Level 6 of the Lair of Beasts
 22733 | Lair:6   | Gained mutation: You have hoof-like feet. [demonic
                  | ancestry]
 22733 | Lair:6   | Reached XP level 14. HP: 103/103 MP: 14/28
 23182 | Lair:6   | Found a runed translucent door.
 23183 | Lair:6   | Found a viscous altar of Jiyva.
 23183 | Lair:6   | Found a staircase to the Slime Pits.
 23449 | Lair:6   | Reached skill level 11 in Spellcasting
 24298 | Lair:6   | Found a large runed translucent door.
 24299 | Lair:6   | Found a large runed translucent door.
 26891 | D:12     | Acquired the ring "Bautoyxu" {rF+ rN+ Will+++ Str+4 Stlth-}
 27071 | D:13     | Found Luagig's Book Emporium.
 27492 | D:13     | Found a blossoming altar of Fedhas.
 28213 | D:14     | Found a gate to the Vaults.
 28223 | D:14     | Reached XP level 15. HP: 103/110 MP: 26/30
 28233 | D:14     | Reached skill level 12 in Spellcasting
 29156 | D:14     | Reached skill level 5 in Shields
 30131 | D:14     | Noticed Lodul
 30143 | D:14     | Killed Lodul
 30169 | D:14     | Found a portal to a secret trove of treasure.
 30410 | D:15     | Entered Level 15 of the Dungeon
 30773 | D:15     | Found a staircase to the Depths.
 31426 | D:15     | Found a broken altar of Ashenzari.
 31843 | Orc:1    | Entered Level 1 of the Orcish Mines
 32420 | Orc:2    | Entered Level 2 of the Orcish Mines
 32438 | Orc:2    | Noticed Urug
 32443 | Orc:2    | Killed Urug
 32696 | Orc:2    | Noticed an orc warlord
 32708 | Orc:2    | Killed an orc warlord
 32848 | Orc:2    | Learned a level 7 spell: Spellforged Servitor
 33488 | Orc:2    | Reached XP level 16. HP: 118/118 MP: 6/32
 33504 | Orc:2    | Reached skill level 13 in Spellcasting
 34048 | Orc:2    | Found Qimpahad's Distillery.
 34048 | Orc:2    | Found Betuh's Magic Scroll Shop.
 34049 | Orc:2    | Found Ahizouh's Distillery.
 34049 | Orc:2    | Found Xufebr Tuse's Antique Armour Shoppe.
 34059 | Orc:2    | Bought a scroll of teleportation for 33 gold pieces
 34059 | Orc:2    | Bought a scroll of teleportation for 33 gold pieces
 34059 | Orc:2    | Bought a scroll of teleportation for 33 gold pieces
 34059 | Orc:2    | Bought a scroll of blinking for 82 gold pieces
 34060 | Orc:2    | Bought a sapphire-encrusted chain mail for 351 gold pieces
 34060 | Orc:2    | Identified the +1 chain mail of Qazlal's Regard {rF- rC+
                  | Str+8} (You bought it in a shop on level 2 of the Orcish
                  | Mines)
 34237 | Orc:2    | Found a staircase to the Elven Halls.
 34462 | Orc:1    | Noticed Harold
 34482 | Orc:1    | Killed Harold
 34946 | Snake:1  | Entered Level 1 of the Snake Pit
 35372 | Snake:1  | Identified the -3 cloak of Calculation {-Tele Rampage rC-
                  | SInv}
 36936 | Snake:1  | Reached skill level 10 in Invocations
 38190 | Snake:2  | Found a runed translucent gate.
 38190 | Snake:2  | Found a runed translucent gate.
 38190 | Snake:2  | Found a runed translucent gate.
 38190 | Snake:2  | Noticed Qeschica's ghost (journeyman FeSu)
 38191 | Snake:2  | Noticed Morbidden's ghost (adept MiFi)
 38192 | Snake:2  | Noticed Qojoc's ghost (adept GnHu)
 39212 | Snake:3  | Found Leukog Neif's Jewellery Boutique.
 39227 | Snake:3  | Found Onuph's Book Shoppe.
 39228 | Snake:3  | Found Geolac's Jewellery Boutique.
 39237 | Snake:3  | Bought the ring of Xehid {rPois rCorr MP+9 Str+4 Stlth-}
                  | for 744 gold pieces
 39273 | Snake:3  | Identified the +7 spear "Foumaug" {freeze, Dex+3}
 39788 | Snake:3  | Gained mutation: You have hooves in place of feet. [demonic
                  | ancestry]
 39788 | Snake:3  | Reached XP level 17. HP: 126/126 MP: 17/34
 39790 | Snake:3  | Reached skill level 14 in Spellcasting
 40592 | Snake:4  | Entered Level 4 of the Snake Pit
 41047 | Snake:4  | Found a burning altar of Makhleb.
 41221 | Snake:4  | Found a hazy altar of Hepliaklqana.
 41883 | Snake:4  | Reached skill level 10 in Air Magic
 42095 | Snake:4  | Got a serpentine rune of Zot
 42212 | Snake:4  | Reached skill level 5 in Summonings
 43187 | Swamp:1  | Entered Level 1 of the Swamp
 44506 | Swamp:1  | Gained mutation: You are completely covered in sharp
                  | spines. [demonic ancestry]
 44506 | Swamp:1  | Reached XP level 18. HP: 134/134 MP: 25/36
 44697 | Swamp:1  | Reached skill level 10 in Fighting
 44877 | Swamp:2  | Noticed Westside's ghost (journeyman MiFi)
 44877 | Swamp:2  | Identified Roxanne's Grimoire of the Mountains
 44877 | Swamp:2  | Noticed Roxanne
 44877 | Swamp:2  | Found a runed translucent gate.
 44877 | Swamp:2  | Found a runed translucent gate.
 44881 | Swamp:2  | Reached skill level 15 in Spellcasting
 44946 | Swamp:2  | Paralysed by a hornet for 1 turns
 45419 | Swamp:2  | You fall into a shaft and drop 1 floor!
 45595 | Swamp:2  | Identified the +5 rapier of Ravage {vorpal, rF+}
 45902 | Swamp:2  | Found a runed translucent gate.
 45912 | Swamp:2  | Killed Roxanne
 47099 | Swamp:4  | Entered Level 4 of the Swamp
 47793 | Swamp:4  | Reached skill level 10 in Dodging
 48907 | Swamp:4  | Got a decaying rune of Zot
 49375 | Elf:1    | Entered Level 1 of the Elven Halls
 49866 | Elf:1    | Identified the ring of Doubts {Ice rElec rN+ Stlth+}
 50359 | Elf:1    | Paralysed by an air elemental for 1 turns
 50366 | Elf:1    | Reached skill level 16 in Spellcasting
 50404 | Elf:1    | Reached XP level 19. HP: 73/142 MP: 5/39
 50572 | Elf:1    | Found Dokk's Armour Emporium.
 50577 | Elf:1    | Bought the +5 scale mail of Immorality {rC++ MP+9 Int+8
                  | Stlth-} for 1053 gold pieces
 52475 | Elf:2    | Found a shimmering blue altar of Sif Muna.
 52477 | Elf:2    | Found Vyssohal's Armour Boutique.
 53058 | Elf:2    | Found a runed translucent gate.
 53058 | Elf:2    | Found a runed translucent gate.
 53058 | Elf:2    | Found a runed translucent gate.
 53260 | Elf:3    | Entered Level 3 of the Elven Halls
 53556 | Elf:3    | Reached skill level 10 in Shields
 53588 | Elf:3    | Noticed a Tzitzimitl
 54181 | Elf:3    | Found Muif's Neck Hole.
 54324 | Elf:3    | Identified the ring "Gukiale" {rC+ Str+6 Int+4 Dex+2}
 54495 | Elf:3    | Identified the +6 battleaxe "Hell-Harrower" {venom, Int+5}
 54495 | Elf:3    | Identified the +4 arbalest of Miratofe {elec, rElec}
 54512 | Elf:3    | Identified the ring "Huophisi" {Fire +Blink rN+ Int+4
                  | Dex-5}
 55119 | Elf:3    | Identified the +1 leather armour of Vexation {rPois Str+3
                  | Slay-3 SInv}
 55394 | Elf:3    | Got the Papyrus of the Compass and Contamination
 55426 | Elf:3    | Got the Compendium of Creative Weightlessness
 55432 | Elf:3    | Identified the +0 cloak of Nidor {rPois rF++ Slay-4 SInv}
 55444 | Elf:3    | Got the Incunabulum of Evil Secrets
 55867 | Vaults:1 | Entered Level 1 of the Vaults
 56058 | Vaults:1 | Reached skill level 17 in Spellcasting
 56077 | Vaults:1 | Gained mutation: A meltable icy envelope protects you from
                  | harm. (AC +0) [demonic ancestry]
 56077 | Vaults:1 | Reached XP level 20. HP: 123/151 MP: 30/41
 56742 | Vaults:1 | Reached skill level 1 in Evocations
 58287 | Vaults:2 | Identified the +6 hunting sling of Loteog {freeze, rF-
                  | Will+ rCorr}
 58290 | Vaults:2 | Found a staircase to the Crypt.
 58389 | Vaults:2 | Found a crumbling gateway.
 58411 | Desolati | Entered the Desolation of Salt
 58563 | Desolati | Got Gesisetu's Reference Book on Venom and Shape Shifting
 58569 | Desolati | Identified the amulet of Reovanes {Faith rElec Will+++ MP-9
                  | Stlth-}
 58576 | Desolati | Identified the +1 robe "Peitocyfee" {Rampage +Blink Str-4
                  | SInv}
 58588 | Desolati | Got Volueg's Compendium of Weightlessness
 58601 | Desolati | Learned a level 8 spell: Maxwell's Capacitive Coupling
 59552 | Desolati | Identified the +4 ice dragon scales of the Dungeon {Fly rF-
                  | rC++ Str-5 Dex+4}
 59552 | Desolati | Identified the ring of Zoeb {AC+4 Stlth+}
 60300 | Desolati | Got the Compendium of Freezing Bewitchment
 60306 | Desolati | Got the Almanac of the Mountains
 60358 | Desolati | Identified the ring "Ivean" {Ice rPois Str-5 Dex-5 Stlth+}
 61769 | Vaults:2 | Reached XP level 21. HP: 150/158 MP: 19/42
 62377 | Crypt:1  | Entered Level 1 of the Crypt
 62377 | Crypt:1  | Found an ancient bone altar of Kikubaaqudgha.
 63494 | Vaults:3 | Reached skill level 18 in Spellcasting
 63971 | Vaults:3 | Reached skill level 10 in Long Blades
 64814 | Vaults:3 | Learned a level 8 spell: Ignition
 65164 | Vaults:4 | Identified the +5 chain mail of the Circus Animal {Rampage
                  | rPois rN+ Int+4}
 65804 | Vaults:4 | Reached skill level 1 in Fire Magic
 66045 | Vaults:4 | Found Zeajap's Assorted Antiques.
 66049 | Vaults:4 | Bought a scroll of teleportation for 99 gold pieces
 66049 | Vaults:4 | Bought a scroll of teleportation for 99 gold pieces
 66119 | Vaults:4 | Found a huge runed gate.
 66119 | Vaults:4 | Found a huge runed gate.
 66119 | Vaults:4 | Found a huge runed gate.
 66120 | Vaults:4 | Found a huge runed gate.
 66120 | Vaults:4 | Found a huge runed gate.
 66120 | Vaults:4 | Found a huge runed gate.
 66120 | Vaults:4 | Found a huge runed gate.
 66124 | Vaults:4 | Found a huge runed gate.
 66124 | Vaults:4 | Found a huge runed gate.
 66124 | Vaults:4 | Found a huge runed gate.
 66125 | Vaults:4 | Found a huge runed gate.
 66125 | Vaults:4 | Found a huge runed gate.
 66209 | Vaults:4 | Found a huge runed gate.
 66215 | Vaults:4 | Found a huge runed gate.
 66215 | Vaults:4 | Found a huge runed gate.
 66215 | Vaults:4 | Found a huge runed gate.
 66215 | Vaults:4 | Found a huge runed gate.
 66215 | Vaults:4 | Found a huge runed gate.
 66215 | Vaults:4 | Found a huge runed gate.
 66216 | Vaults:4 | Found a huge runed gate.
 66217 | Vaults:4 | Found a huge runed gate.
 66218 | Vaults:4 | Found a huge runed gate.
 66226 | Vaults:4 | Found a huge runed gate.
 66226 | Vaults:4 | Found a huge runed gate.
 66226 | Vaults:4 | Found a huge runed gate.
 66226 | Vaults:4 | Found a huge runed gate.
 66226 | Vaults:4 | Found a huge runed gate.
 66226 | Vaults:4 | Found a huge runed gate.
 66227 | Vaults:4 | Found a huge runed gate.
 66228 | Vaults:4 | Found a huge runed gate.
 66230 | Vaults:4 | Found a huge runed gate.
 66238 | Vaults:4 | Found a huge runed gate.
 66238 | Vaults:4 | Found a huge runed gate.
 66238 | Vaults:4 | Found a huge runed gate.
 66238 | Vaults:4 | Found a huge runed gate.
 66238 | Vaults:4 | Found a huge runed gate.
 66528 | Depths:1 | Entered Level 1 of the Depths
 67380 | Depths:1 | Found Xedaas's Assorted Antiques.
 67494 | Depths:1 | Found Big Baal Hell's Store.
 67633 | Depths:1 | Found a gateway to Hell.
 67825 | Depths:1 | Paralysed by a floating eye for 3 turns
 67911 | Depths:1 | Found a one-way gateway to a ziggurat.
 68018 | Depths:2 | Found Byixt's General Store.
 68020 | Depths:2 | Found Gannopuy's Weapon Emporium.
 68022 | Depths:2 | Found Athuskud's Book Shoppe.
 68084 | Depths:2 | Found a one-way gate leading to the halls of Pandemonium.
 68487 | Depths:2 | You fall into a shaft and drop 1 floor!
 68500 | Depths:3 | Gained mutation: You punish those that try to bend your
                  | will. (Will+) [demonic ancestry]
 68500 | Depths:3 | Reached XP level 22. HP: 140/167 MP: 41/44
 68825 | Depths:2 | Reached skill level 5 in Evocations
 68993 | Depths:2 | Noticed a juggernaut
 68999 | Depths:2 | Killed a juggernaut
 69271 | Depths:2 | Found a runed translucent gate.
 69271 | Depths:2 | Found a runed translucent gate.
 69271 | Depths:2 | Found a runed translucent gate.
 69483 | Depths:2 | Found a runed translucent gate.
 69483 | Depths:2 | Found a runed translucent gate.
 69483 | Depths:2 | Found a runed translucent gate.
 69984 | Depths:2 | Found Yblemas's Magic Scroll Shoppe.
 70238 | Depths:2 | Gained mutation: You are clumsy. (Dex -2) [a shining eye]
 70262 | Depths:2 | Identified the ring "Yvacixt" {rF+ rCorr Int-5 SInv}
 70269 | Depths:2 | Acquired 1046 gold pieces
 70368 | Depths:2 | Bought a +2 pair of gloves of stealth for 430 gold pieces
 70368 | Depths:2 | Bought a scroll of blinking for 150 gold pieces
 70368 | Depths:2 | Bought a potion of heal wounds for 100 gold pieces
 70567 | Depths:1 | Bought a scroll of acquirement for 2132 gold pieces
 70614 | Depths:3 | Found a sacrificial altar of Ru.
 70628 | Depths:3 | Reached skill level 5 in Armour
 71330 | Depths:3 | Noticed a golden dragon
 71339 | Depths:3 | Paralysed by a floating eye for 4 turns
 71345 | Depths:3 | Killed a golden dragon
 71386 | Depths:3 | Noticed a juggernaut
 71972 | Depths:3 | Reached skill level 19 in Spellcasting
 72166 | Depths:3 | Noticed a golden dragon
 72172 | Depths:3 | Killed a golden dragon
 72185 | Depths:3 | Paralysed by a floating eye for 4 turns
 72365 | Depths:3 | Killed a juggernaut
 72935 | Depths:3 | Identified the +2 rapier "Ugettekk" {vorpal, rPois Int+3
                  | Dex+2}
 73326 | Depths:3 | Noticed a golden dragon
 73330 | Depths:3 | Killed a golden dragon
 73608 | Depths:3 | Found a one-way gate to the infinite horrors of the Abyss.
 73677 | Depths:4 | Entered Level 4 of the Depths
 73682 | Depths:4 | Noticed a juggernaut
 73692 | Depths:3 | Killed a juggernaut
 74325 | Depths:4 | Got the Reference Book on Evil Lightness
 74364 | Depths:4 | Gained mutation: You are resistant to unholy torment.
                  | [demonic ancestry]
 74364 | Depths:4 | Reached XP level 23. HP: 161/174 MP: 40/46
 74589 | Depths:4 | Found Ythrim's Distillery.
 74701 | Depths:4 | Bought a potion of heal wounds for 100 gold pieces
 74730 | Depths:4 | Found a gate to the Realm of Zot.
 75262 | Depths:4 | Found Xaschuzof's Antique Weapon Shop.
 75296 | Depths:4 | Found Boifurph's Book Shoppe.
 75692 | Depths:4 | Killed from afar by a hellephant

Illustrated notes

Levels and vault maps discovered:
D:1:      wander_arrival_abandoned_jail, layout_loops_ring,
          shapermc_ecumenical_altar_notcrosses, chequers_garden
D:2:      layout_basic, minmay_misc_feat_x, minmay_misc_feat_square
D:3:      layout_basic
D:4:      layout_basic, mainiacjoe_overflow_large_starburst,
          mainiacjoe_overflow_alcove_1, grunt_decor_junction,
          minmay_stone_trees_small, uniq_duvessa, uniq_eustachio
D:5:      layout_rooms, enter_ossuary_2
D:6:      layout_loops_ring, zin_treasury, minmay_temple_entry_offerings
D:7:      layout_basic, ebering_ghost_rock_garden, skrybe_limestone_x,
          minmay_fractal_squares_5, uniq_menkaure
D:8:      layout_loops_corners, uniq_joseph, uniq_maurice, uniq_pikel
D:9:      layout_cave_pools
D:10:     layout_basic, minmay_orc_entry_guard_dogs
D:11:     layout_long_grid, lair_entry_dummy
D:12:     minmay_tri_box, layout_basic, david_defended_altar_orc
D:13:     layout_cross, serial_shops, shop, fedhas_bush_and_centaur_altar
D:14:     nicolae_whirlpool, layout_rooms, erik_vaults_2,
          trove_entry_hex_spiral, hangedman_parallel_progression, uniq_lodul
D:15:     gammafunk_depths_entry_grave, layout_loops_ring, ashenzari_altar_1
Temple:   compressed_dpeg_circular_temple
Lair:1:   statuecave_lemuel, layout_chaotic_city
Lair:2:   layout_hall_layers, guppyfry_snake_entry_garden,
          infiniplex_staircase_pool_2, uniq_gastronok
Lair:3:   layout_long_grid, minmay_swamp_entry_swarm, grunt_megastairs_3
Lair:4:   layout_cave_pods, basic_altar, gauntlet_entry_generic,
          minmay_lair_drake_nest
Lair:5:   layout_small_grid, forest_entry_grove, serial_bayou_shore_a
Lair:6:   cheibrodos_lair_end_hotspot, layout_gridlike, slime_altar_2,
          serial_bayou_shore_b
Swamp:1:  nicolae_swamp_flooded_prison, layout_basic_swamp,
          evilmike_swamp_ruin_house_5, swamp_pool2
Swamp:2:  layout_falls_marsh, gammafunk_ghost_hydra_chop,
          nicolae_swamp_decorative_isthmus, swamp_pool5, uniq_roxanne
Swamp:3:  layout_basic_swamp, evilmike_swamp_ruin_rubble_1, swamp_pool1,
          infiniplex_staircase_pool
Swamp:4:  swamp_vile, layout_basic_swamp
Snake:1:  layout_basic, special_room, grunt_ministairs_10
Snake:2:  layout_rooms, gammafunk_ghost_cemetery
Snake:3:  layout_layer_cave, minmay_shop_grove, grunt_megastairs_1
Snake:4:  johnstein_snake_rune_scales, layout_cave_town,
          hangedman_feature_mirror, drop_trap, nicolae_snake_gridmaze_zigzag,
          serial_bayou_shore_b
Orc:1:    layout_caves, uniq_harold
Orc:2:    st_orc_ogre_mass, layout_caves, uniq_urug
Elf:1:    nicolae_elf_arrival_fired_up, layout_loops_ring, serial_shops, shop,
          kennysheep_underground_church
Elf:2:    nicolae_elf_blades_splatter_lattice [mumra_blade_entry_dagger],
          layout_geoelf_octagon, basic_altar, serial_shops, nicolae_shop_stone,
          serial_aquarium, aquarium_bridge_straight [aquarium_subvault_bridge,
          aquarium_subvault_balcony, aquarium_subvault_bridge,
          aquarium_subvault_wall], aquarium_window_3, aquarium_window_corner,
          aquarium_window_1, aquarium_view_2d, aquarium_view_2c, aquarium_pool_2
Elf:3:    grunt_elf_hall_asides, layout_geoelf_diagonals, special_room
          [special_room_mythical_zoo], nicolae_shop_sticking_my_neck_out
Vaults:1: nicolae_vaults_network_barrier, nicolae_vaults_what_the_h,
          ontoclasm_vaults_spin, hangedman_vaults_nodes,
          vaults_room_grunt_arrival_ludios, vaults_room_corners,
          nicolae_vaults_diagonal_hallway_7, ontoclasm_vaults_misaligned,
          nicolae_vaults_display_case, v_misc_23, nicolae_vaults_shelves_hall,
          layout_vaults_maze
Vaults:2: portal_desolation_entry_salt, ontoclasm_vaults_ligature,
          grunt_vaults_funnel, minmay_crypt_entry_simple_statues,
          nicolae_vaults_little_squares_1, vaults_dpeg_cross,
          ontoclasm_vaults_fault, ontoclasm_vaults_decontamination,
          v_alt_pattern_3, v_misc_2, st_smaller_cells, nicolae_vaults_little_ls,
          layout_vaults_big_cross
Vaults:3: nicolae_vaults_diagonal_hallway_7, v_pattern_4, grunt_vaults_diagonal,
          v_alt_pattern_2, ontoclasm_vaults_shuriken,
          nicolae_vaults_specimen_jars, hangedman_vaults_maws,
          vaults_room_hallway, layout_vaults_quadrants
Vaults:4: v_misc_8, not_door_vault_due, nicolae_vaults_alarming,
          nicolae_vaults_rhombus_7, grunt_vaults_hallway_short,
          nicolae_vaults_network_s, nicolae_vaults_gold_heap,
          dpeg_vaults_monster_box, layout_vaults_big_room, serial_shops,
          nicolae_diamond_shop
Crypt:1:  layout_chaotic_city, basic_altar, minmay_misc_feat_alley, fountainhead
Depths:1: layout_cave_pools, enter_ziggurat_c, serial_shops,
          nicolae_shop_advertising_works [nicolae_subvault_shop_adworks],
          minmay_misc_feat_cross, nicolae_hell_entry_big_baal_hell,
          kennysheep_generic_room_11
Depths:2: kennysheep_treasure_stockpile, layout_basic, hell_entry, serial_shops,
          shop, grunt_pan_entry_sceptre, infiniplex_staircase_diamond,
          minmay_shop_star
Depths:3: minmay_the_grid_octo_tiled_octocenter
          [minmay_the_grid_octo_concentric,
          minmay_the_grid_octo_vomiting_pacman, minmay_the_grid_octo_focus,
          minmay_the_grid_octo_odd_swirl, minmay_the_grid_octo_prize_big_c,
          minmay_the_grid_square_5x5_one_wall,
          minmay_the_grid_square_5x5_inner_i,
          minmay_the_grid_square_5x5_longway,
          minmay_the_grid_square_5x5_tri_point], layout_cave_shapes,
          minmay_fountain_box, minmay_room_of_horrors, hell_entry,
          hangedman_ru_absence
Depths:4: grunt_x_marks_the_spot, layout_long_grid, dk_noncrumbling_4,
          serial_shops, nicolae_shop_trees, shop, shop, grunt_hell_horde

Skill      XL: |  1  2  3  4  5  6  7  8  9 10 11 12 13 14 15 16 17 18 19 20 21 22 23 |
---------------+----------------------------------------------------------------------+-----
Stealth        | 2 3 4 5 6 7 8 9 |  9.1
Conjurations   | 5 6 7 8 9 10 11 12 13 14 | 14.9
Spellcasting   | 3 4 6 7 8 9 10 11 12 13 14 16 17 18 19 | 19.4
Dodging        | 2 3 4 5 6 7 8 9 10 11 12 | 12.1
Fighting       | 1 2 3 4 5 6 7 8 9 10 11 12 | 12.9
Translocations | 1 2 3 4 5 6 7 8 |  8.5
Short Blades   | 1 2 3 4 5 6 7 8 |  8.8
Invocations    | 2 4 5 6 7 8 9 10 11 12 13 | 13.0
Armour         | 1 2 3 4 5 |  5.2
Shields        | 1 2 4 5 7 8 9 10 11 12 13 | 13.5
Air Magic      | 1 3 5 6 8 9 10 11 12 13 14 | 14.3
Long Blades    | 1 3 4 5 6 7 8 9 10 11 | 11.0
Summonings     | 1 2 4 5 6 7 8 9 |  9.4
Evocations     | 3 4 6 |  6.3
Fire Magic     | 2 3 |  3.9

Action                   |  1- 3 |  4- 6 |  7- 9 | 10-12 | 13-15 | 16-18 | 19-21 | 22-24 || total
-------------------------+-------+-------+-------+-------+-------+-------+-------+-------++-------
Melee: Short sword       |     2 |     8 |    94 |   190 |       |       |       |       ||   294
       Kick              |     1 |     5 |    38 |   192 |   214 |   244 |   418 |   154 ||  1266
       Punch             |       |       |     6 |    10 |     2 |       |       |       ||    18
       Dagger            |       |       |    21 |   219 |   429 |   479 |   690 |   250 ||  2088
       Scimitar          |       |       |       |       |    10 |       |       |       ||    10
 Cast: Magic Dart        |    60 |    47 |   142 |    62 |       |       |       |       ||   311
       Searing Ray       |     1 |    11 |    49 |    19 |       |       |       |       ||    80
       Iskenderun's Myst |       |       |       |    17 |    77 |    96 |    83 |    50 ||   323
       Airstrike         |       |       |       |    48 |   374 |   384 |   306 |   240 ||  1352
       Summon Lightning  |       |       |       |    11 |    51 |    52 |    25 |     5 ||   144
       Lightning Bolt    |       |       |       |     4 |     2 |    32 |       |       ||    38
       Orb of Destructio |       |       |       |       |    29 |    98 |   337 |    90 ||   554
       Spellforged Servi |       |       |       |       |       |    10 |    28 |    14 ||    52
       Maxwell's Capacit |       |       |       |       |       |       |     7 |    10 ||    17
Invok: Slouch            |       |       |       |     1 |       |     3 |     1 |       ||     5
Evoke: Wand              |       |       |       |     2 |       |     1 |     7 |     1 ||    11
       Phantom mirror    |       |       |       |       |       |     1 |       |     1 ||     2
       Tin of tremorston |       |       |       |       |       |       |     4 |     4 ||     8
       Condenser vane    |       |       |       |       |       |       |     2 |     4 ||     6
  Use: Potion            |       |       |     7 |       |       |     2 |     4 |     2 ||    15
       Scroll            |       |       |     9 |     6 |     7 |    20 |    10 |     8 ||    60
 Stab: Sleeping          |       |       |     6 |    11 |    10 |     5 |     6 |     1 ||    39
       Paralysed         |       |       |       |     6 |       |       |       |       ||     6
       Distracted        |       |       |       |       |    14 |    14 |     9 |     3 ||    40
       Confused          |       |       |       |       |       |       |     1 |     2 ||     3
Armor: Robe              |     4 |     7 |    21 |       |       |       |       |       ||    32
       Ring mail         |       |       |    13 |       |       |       |       |       ||    13
       Steam dragon scal |       |       |     7 |    23 |       |       |       |       ||    30
       Skin              |       |       |     3 |       |       |       |       |       ||     3
       Troll leather arm |       |       |       |    41 |    84 |    68 |       |       ||   193
       Scale mail        |       |       |       |       |       |       |   129 |    75 ||   204
Dodge: Dodged            |    17 |    14 |    92 |   189 |   283 |   352 |   399 |   198 ||  1544
Block: Other             |       |       |    30 |   150 |    24 |       |       |       ||   204
       Reflection        |       |       |     4 |     4 |       |       |       |       ||     8
       Buckler           |       |       |       |       |   181 |    23 |       |       ||   204
       Kite shield       |       |       |       |       |       |   461 |   801 |   271 ||  1533

Table legend: (Time is in decaauts)
 A = Elapsed time spent in this place.
 B = Non-inter-level travel time spent in this place.
 C = Inter-level travel time spent in this place.
 D = Time resting spent in this place.
 E = Time spent auto-exploring this place.
 F = Levels seen in this place.
 G = Mean time per level.
                   A        B        C        D        E       F      G
               +--------+--------+--------+--------+--------+-----+--------+
         Total | 103430 |  97154 |   6276 |  10211 |  74357 |  47 | 2200.6 |
       Dungeon |  25305 |  23308 |   1997 |   2335 |  18272 |  15 | 1687.0 |
        Temple |    110 |     96 |     14 |      0 |     81 |   1 |  110.0 |
          Lair |  15914 |  14171 |   1743 |    823 |  11677 |   6 | 2652.3 |
         Swamp |   8634 |   8278 |    356 |    921 |   6379 |   4 | 2158.5 |
     Snake Pit |  11700 |  11473 |    227 |   1078 |   9099 |   4 | 2925.0 |
  Orcish Mines |   4027 |   3639 |    388 |    416 |   2724 |   2 | 2013.5 |
   Elven Halls |   8416 |   7962 |    454 |   1792 |   5042 |   3 | 2805.3 |
        Vaults |  12261 |  11696 |    565 |    280 |   9916 |   4 | 3065.2 |
         Crypt |     12 |     12 |      0 |      0 |      0 |   1 |   12.0 |
        Depths |  12207 |  11677 |    530 |   1131 |   8869 |   4 | 3051.8 |
       Ossuary |   1382 |   1382 |      0 |    423 |    707 |   1 | 1382.0 |
    Desolation |   2508 |   2508 |      0 |    754 |   1194 |   1 | 2508.0 |
      Gauntlet |    949 |    949 |      0 |    256 |    394 |   1 |  949.0 |
               +--------+--------+--------+--------+--------+-----+--------+

Top non-repeatable levels by time:
Depths:3: 4289 daAuts
 Snake:1: 4012 daAuts
Depths:2: 3933 daAuts
 Snake:4: 3535 daAuts
Vaults:1: 3340 daAuts
Vaults:2: 3323 daAuts
    D:14: 3273 daAuts
    D:12: 3264 daAuts
Vaults:3: 3185 daAuts
   Elf:3: 3176 daAuts
  Lair:6: 3147 daAuts
   Elf:1: 2999 daAuts
 Snake:3: 2975 daAuts
  Lair:2: 2948 daAuts
 Swamp:1: 2835 daAuts
